 Dungeon Crawl Stone Soup version 0.27.1-3-gb3d3a73c9e (webtiles) character file.

Game seed: 12214521975183272725

71 cdecastro the Ruffian (level 4, -1/35 HPs)
             Began as a Draconian Transmuter on Oct 8, 2021.
             Slain by an iguana (4 damage)
             ... on level 2 of the Dungeon on Oct 9, 2021.
             The game lasted 00:03:49 (1732 turns).

cdecastro the Ruffian (Draconian Transmuter)        Turns: 1732, Time: 00:03:50

Health: -1/35      AC:  5    Str: 12    XL:     4   Next: 5%
Magic:  7/7        EV: 12    Int: 15    God:
Gold:   49         SH:  0    Dex: 11    Spells: 6/7 levels left

rFire    . . .     SeeInvis .     - Unarmed
rCold    . . .     Faith    .   (no shield)
rNeg     . . .     Spirit   .   (armour unavailable)
rPois    .         Reflect  .   (helmet currently unavailable)
rElec    .         Harm     .   (no cloak)
rCorr    .         Rampage  .   (no gloves)
Will     .....                  (boots currently unavailable)
Stlth    +.........             (no amulet)
HPRegen  0.11/turn              (no ring)
MPRegen  0.10/turn              (no ring)

@: appendages (expiring)
A: horns 2, talons 2, AC +5, unfitting armour, cold-blooded
a: End Transformation


You were on level 2 of the Dungeon.
You had temporarily grown beastly horns and talons.
You visited 1 branch of the dungeon, and saw 2 of its levels.

You collected 49 gold pieces.

Inventory:

Missiles
 a - 16 sling bullets
 f - 31 stones
 h - 19 arrows
 m - 18 bolts
Scrolls
 b - 2 scrolls of teleportation {unknown}
 e - a scroll of identify {unknown}
 g - a scroll of amnesia {unknown}
 j - a scroll of enchant weapon {unknown}
Potions
 c - a potion of heal wounds {unknown}
 d - a potion of flight {unknown}
 i - a potion of brilliance {unknown}
 k - a potion of lignification {unknown}
 l - 3 potions of curing {unknown}


   Skills:
 - Level 1.1 Fighting
 - Level 1.7 Dodging
 + Level 5.0 Unarmed Combat
 - Level 2.0 Spellcasting
 - Level 2.0 Transmutations


You had 6 spell levels left.
You knew the following spells:

 Your Spells              Type           Power      Damage    Failure   Level
a - Beastly Appendage     Tmut           14%        N/A       10%         1

Your spell library contained the following spells:

 Spells                   Type           Power      Damage    Failure   Level
 Wereblood                Tmut           7%         N/A       14%         2
 Spider Form              Tmut/Pois      2%         N/A       41%         3
 Mephitic Cloud           Conj/Pois/Air  1%         N/A       54%         3
 Ice Form                 Ice/Tmut       4%         N/A       82%         4
 Lightning Bolt           Conj/Air       0%         1d11      99%         5
 Chain Lightning          Conj/Air       0%         2d1       100%        9


Dungeon Overview and Level Annotations

Branches:
Dungeon (2/15)

Altars:


Innate Abilities, Weirdness & Mutations

You have temporarily grown beastly horns and talons.
Your plain brown scales are hard. (AC +5)
You cannot fit into any form of body armour.
You are cold-blooded and may be slowed by cold attacks.


Message History

Casting: Beastly Appendage (safe; 10% risk of failure)
Confirm with . or Enter, or press ? or * to list all spells.
You grow a pair of large bovine horns.
Your feet morph into talons.
The iguana bites you!
* * * LOW HITPOINT WARNING * * *
You hit the iguana.
You tail-slap the iguana, but do no damage.
The iguana is heavily wounded.
The iguana barely misses you.
You barely miss the iguana. Your kick misses the iguana.
You headbutt the iguana, but do no damage.
Your tail-slap misses the iguana.
The iguana is heavily wounded.
The iguana closely misses you.
You closely miss the iguana.
The iguana is heavily wounded.
The iguana misses you.
You hit the iguana but do no damage.
The iguana is heavily wounded.
The iguana misses you.
You hit the iguana but do no damage.
The iguana is heavily wounded.
You hit the iguana but do no damage.
The iguana is heavily wounded.
The iguana bites you but does no damage.
You barely miss the iguana. Your punch misses the iguana.
The iguana is heavily wounded.
Your transformation is almost over.
The iguana bites you!
* * * LOW HITPOINT WARNING * * *
You hit the iguana but do no damage. Your punch misses the iguana.
The iguana is heavily wounded.
The iguana completely misses you.
You hit the iguana but do no damage. You punch the iguana, but do no damage.
The iguana is heavily wounded.
The iguana completely misses you.
You hit the iguana. You headbutt the iguana.
The iguana is severely wounded.
The iguana bites you.
You die...

#....# ##)..
#...## #### #...
#...# #.. ####.#
##..######.#
#....#
####..##.....###
##.####
#.....#....†...#
#..#
#.......#....[.#
#..##
#.......#......#
##..#
#.....#.....@..#
##.##
#...........l..#
#..##
##.............#
##.#.
#...........>.#
###...
#.............#
###.....
###..#######..#
#...###. #..
..## ###.###...
...
....###...##..##
................


You could see an iguana.

Vanquished Creatures
  An adder (D:2)
  A worm (D:2)
  3 dart slugs (D:1)
  2 endoplasms
  3 giant cockroaches
  5 hobgoblins
  7 jackals (D:1)
  A quokka (D:1)
  2 ball pythons
  4 bats
  4 frilled lizards
  6 goblins
  5 kobolds
  6 rats
50 creatures vanquished.

Notes
Turn   | Place    | Note
-------+----------+-------------------------------------------
     0 | D:1      | cdecastro the Draconian Transmuter began the quest for the
                  | Orb.
     0 | D:1      | Reached XP level 1. HP: 16/16 MP: 3/3
   390 | D:1      | Reached XP level 2. HP: 16/23 MP: 5/5
   602 | D:1      | Reached skill level 4 in Unarmed Combat
   793 | D:1      | Reached XP level 3. HP: 23/28 MP: 4/6
  1064 | D:1      | Found a faded altar of an unknown god.
  1171 | D:1      | Got the Disquisition on Air
  1523 | D:2      | Reached XP level 4. HP: 20/35 MP: 5/7
  1717 | D:2      | Reached skill level 5 in Unarmed Combat
  1732 | D:2      | Slain by an iguana

Illustrated notes

Levels and vault maps discovered:
D:1:      dpeg_arrival_arbitrary_c, layout_basic,
          chequers_ecumenical_altar_lobes, serial_glass, glass_columns_a,
          glass_columns_a, glass_columns_a, glass_columns_a, minmay_cupped
D:2:      layout_rooms, minmay_hexomino_p4

Skill      XL: |  1  2  3  4 |
---------------+-------------+-----
Unarmed Combat | 4 5 |  5.0
Fighting       | |  1.1
Dodging        | |  1.7
Spellcasting   | |  2.0
Transmutations | |  2.0

Action                   |  1- 3 |  4- 6 || total
-------------------------+-------+-------++-------
Melee: Unarmed           |   161 |    19 ||   180
       Tailslap          |    16 |     2 ||    18
       Headbutt          |     8 |     2 ||    10
       Kick              |    13 |       ||    13
       Punch             |     1 |     1 ||     2
 Cast: Beastly Appendage |    11 |     2 ||    13
 Stab: Sleeping          |     1 |       ||     1
Armor: Skin              |    57 |     2 ||    59
Dodge: Dodged            |    99 |    11 ||   110
